 Dungeon Crawl Stone Soup version 0.23.0-3-gf3c87f2 (webtiles) character file.

Game seed: 11042540284668582416

70 misha the Poker (level 4, -2/33 HPs)
             Began as a Merfolk Gladiator on Feb 23, 2019.
             Slain by a hobgoblin
             ... wielding a +0 club
              (4 damage)
             ... on level 3 of the Dungeon.
             The game lasted 00:05:51 (1873 turns).

misha the Poker (Merfolk Gladiator)                 Turns: 1873, Time: 00:05:52

Health: -2/33      AC:  5    Str: 15    XL:     4   Next: 22%
Magic:  4/4        EV: 14    Int:  7    God:
Gold:   132        SH:  0    Dex: 15    Spells: 3/3 levels left

rFire    . . .     SeeInvis .   b - +3 short sword (drain)
rCold    . . .     Gourm    .   (no shield)
rNeg     . . .     Faith    .   n - +0 leather armour
rPois    .         Spirit   .   c - +0 helmet
rElec    .         Reflect  .   (no cloak)
rCorr    .         Harm     .   k - +0 pair of gloves
MR       .....                  (no boots)
Stlth    +.........             (no amulet)
HPRegen  0.11/turn              (no ring)
MPRegen  0.09/turn              (no ring)

@: lethally poisoned (-2 -> -6)
A: change form in water, swift swim, stealthy swim
a: no special abilities


You were on level 3 of the Dungeon.
You were very hungry.

You visited 1 branch of the dungeon, and saw 3 of its levels.

You collected 132 gold pieces.

Inventory:

Hand Weapons
 a - a +0 trident
 b - a +3 short sword of draining (weapon)
 r - a +1 dagger of venom
Missiles
 d - 3 throwing nets (quivered)
 l - 29 stones
Armour
 c - a +0 helmet (worn)
 k - a +0 pair of gloves (worn)
 n - a +0 leather armour (worn)
Jewellery
 h - a cursed -3 ring of intelligence
 j - a cursed ring of see invisible {unknown}
 q - an uncursed ring of resist corrosion {unknown}
Scrolls
 g - a scroll of identify
Potions
 e - 2 potions of haste {unknown}
 i - 4 potions of curing {unknown}
 m - a potion of might {unknown}
 o - a potion of agility {unknown}
Comestibles
 f - 3 rations


   Skills:
 - Level 2.1 Fighting
 + Level 0.9 Short Blades
 + Level 5.8 Polearms
 + Level 3.3 Throwing
 - Level 4.0 Dodging


You had 3 spell levels left.
You didn't know any spells.
Your spell library was empty.

Dungeon Overview and Level Annotations

Branches:
Dungeon (3/15)

Altars:


Message History

* * * LOW HITPOINT WARNING * * *
An ooze comes into view.
As you read the scroll labeled KUFIMN OTIO, it crumbles to dust.
It is a scroll of identify.
h - a cursed -3 ring of intelligence The ooze quivers.
The ooze hits you.
* * * LOW HITPOINT WARNING * * *
The hobgoblin hits you but does no damage.
As you read the scroll labeled VOLUW GIECEY, it crumbles to dust.
It is a scroll of enchant weapon.
Your +2 short sword of draining glows red for a moment.
The ooze hits you but does no damage. The hobgoblin barely misses you.
As you read the scroll labeled YZESCHE ROKAM, it crumbles to dust.
Your +3 short sword of draining glows mottled ochre for a moment.
It was a scroll of random uselessness.
You feel sick. The ooze closely misses you.
The hobgoblin hits you with a +0 club.
* * * LOW HITPOINT WARNING * * *
The hobgoblin hits you with a +0 club.
You die...

..## w ...#.# .#.#.#
#####.....##.#
##..........#.##
##..............#
#....J.w........#
#....Jg.........#
#....@..........#
#...............####
#......%............
##..?...........#####.
##).........#........
##########.....###
#..#)#.###
..J.....#..<..#
......#.####..$..


You could see 2 oozes, a dart slug and a hobgoblin.

Vanquished Creatures
  3 adders
  2 dart slugs (D:1)
  An orc (D:3)
  5 bats
  A giant cockroach (D:2)
  4 hobgoblins
  A quokka (D:2)
  A ball python (D:1)
  A frilled lizard (D:2)
  6 goblins
  6 kobolds
  11 rats
42 creatures vanquished.

Notes
Turn   | Place    | Note
-------+----------+-------------------------------------------
     0 | D:1      | misha the Merfolk Gladiator began the quest for the Orb.
     0 | D:1      | Reached XP level 1. HP: 16/16 MP: 1/1
   133 | D:1      | Reached XP level 2. HP: 22/22 MP: 2/2
   363 | D:1      | Reached skill level 5 in Polearms
   742 | D:2      | Reached XP level 3. HP: 25/27 MP: 3/3
  1809 | D:3      | Reached XP level 4. HP: 29/33 MP: 4/4
  1873 | D:3      | Slain by a hobgoblin

Skill      XL: |  1  2  3 |
---------------+----------+-----
Polearms       | 5 |  5.8
Throwing       | 3 |  3.3
Fighting       | |  2.1
Short Blades   | |  0.9
Dodging        | |  4.0

Action                   |  1- 3 |  4- 6 || total
-------------------------+-------+-------++-------
Melee: Trident           |    83 |       ||    83
       Dagger            |    23 |       ||    23
       Short sword       |    16 |    10 ||    26
  Use: Scroll            |       |     3 ||     3
 Stab: Sleeping          |     1 |       ||     1
  Eat: Chunk             |     2 |       ||     2
Armor: Leather armour    |    26 |    11 ||    37
Dodge: Dodged            |    64 |    11 ||    75
